Map: Habitation Station LE (Void)

Players

Musumeci - Winner!

  • Race: Zerg Zerg
  • League: Diamond
  • Spawn Location: 1:00

IceWorLd

  • Race: Terran Terran
  • League: Diamond
  • Spawn Location: 11:00

VOD

Have the link to the VOD?

Description

Time

  • Played on: Jan. 10, 2017, 3:39 p.m.
  • Length: 16:15
Show
View Real Time Build Order
Export as new Build Order

Musumeci Zerg - Winner!

Build Orders: Hatch First 

Get SALT Encoding   

  12  0:00  Drone  
  13  0:08  Drone  
  14  0:17  Overlord  
  14  0:27  Extractor  
  14  0:28  Drone  
  15  0:46  Hatchery  
  14  0:50  Drone  
  14  0:54  Drone  
  16  1:12  Spawning Pool  
  16  1:13  Extractor  
  16  1:16  Drone  
  16  1:28  Drone  
  16  1:29  Drone x2  
  19  1:44  Drone  
  20  1:54  Drone  
  20  1:58  Queen x2  
  20  2:00  Drone  
  26  2:04  Overlord  
  26  2:09  Drone  
  27  2:24  Drone x3  
  30  2:34  Queen x2  
  34  2:47  Drone x2  
  34  2:48  Overlord  
  34  2:50  Overlord  
  36  3:03  Overlord  
  36  3:04  Hatchery  
  35  3:15  Drone  
  35  3:16  Drone x5  
  35  3:19  Extractor x2  
  39  3:25  Drone, Roach Warren  
  39  3:28  Drone  
  39  3:30  Drone  
  39  3:31  Drone  
  42  3:36  Drone x2  
  44  3:52  Drone x3  
  47  4:04  Evolution Chamber  
  47  4:05  Roach x3  
  47  4:06  Evolution Chamber  
  51  4:12  Overlord x2  
  51  4:13  Overlord  
  51  4:30  Overlord  
  51  4:31  Overlord  
  51  4:32  Roach x2  
  51  4:34  Lair  
  51  4:36  Drone x2, Extractor  
  51  4:37  Drone x3  
  59  4:52  Spore Crawler  
  59  4:53  Drone x3  
  59  4:55  Drone  
  59  4:56  Spore Crawler  
  59  4:57  Spore Crawler  
  59  4:59  Spore Crawler  
  60  5:00  Drone x2  
  61  5:08  Drone  
  61  5:13  Extractor  
  61  5:22  Drone x3  
  61  5:26  Roach x5  
  74  5:34  Ravager x3  
  74  5:35  Ravager  
  78  5:38  Overlord  
  78  5:40  Roach  
  78  5:41  Roach  
  82  6:19  Glial Reconstitution, Zerg Ground Armor Level 1, Zerg Missile Weapons Level 1  
  82  6:24  Drone x12  
  94  6:28  Extractor x2  
  92  6:35  Ravager x3  
  95  6:40  Overseer  
  95  6:47  Drone x3  
  98  6:54  Overlord x6  
  98  7:08  Overlord x2  
  95  7:10  Roach  
  97  7:16  Roach  
  97  7:17  Roach x5  
  109  7:27  Drone x10  
  119  7:40  Ravager x7  
  119  7:41  Hatchery, Ravager  
  126  7:47  Roach  
  126  7:48  Roach x4  
  136  7:54  Extractor  
  136  7:56  Extractor  
  134  8:00  Roach  
  134  8:01  Roach x9  
  134  8:05  Overlord  
  154  8:13  Overlord  
  154  8:16  Ravager  
  154  8:17  Ravager x3  
  158  8:35  Roach x8  
  158  8:36  Roach x2  
  161  8:58  Roach x11  
  178  9:09  Ravager x2  
  180  9:14  Ravager  
  180  9:15  Ravager x2  
  183  9:31  Ravager x2  
  176  9:32  Drone, Ravager  
  176  9:33  Drone x2  
  176  9:34  Drone  
  182  9:39  Drone  
  182  9:40  Drone  
  184  9:47  Zerg Missile Weapons Level 2, Zerg Ground Armor Level 2  
  184  9:55  Infestation Pit  
  181  10:16  Roach  
  181  10:17  Overlord  
  181  10:18  Overlord x5  
  179  10:39  Overseer  
  179  10:49  Ravager  
  180  10:50  Ravager x6  
  180  10:51  Ravager x2  
  181  11:10  Roach x10  
  199  11:32  Hive  
  165  11:59  Roach  
  165  12:00  Roach x26  
  165  12:01  Roach x3  
  187  12:17  Ravager x6  
  193  12:25  Ravager  
  193  12:26  Ravager x9  
  200  12:38  Extractor  
  200  12:39  Hatchery  
  174  13:05  Roach  
  174  13:06  Roach x13  
  194  13:57  Drone  
  194  13:58  Drone x3  
  198  14:13  Extractor, Ravager x2  
  166  14:54  Roach x7  
  166  14:55  Ravager  
  166  14:56  Ravager x12  
Show
View Real Time Build Order
Export as new Build Order

IceWorLd Terran 

Build Orders: MMM Bio 

Get SALT Encoding   

  12  0:01  SCV  
  13  0:14  SCV  
  14  0:19  Supply Depot  
  14  0:26  SCV  
  15  0:36  Refinery  
  15  0:41  SCV  
  16  0:44  Barracks  
  16  0:53  SCV  
  17  1:05  SCV  
  18  1:17  SCV  
  19  1:31  Orbital Command  
  19  1:32  Marine  
  20  1:44  Command Center  
  20  1:50  Barracks Tech Lab  
  20  1:57  SCV  
  21  2:07  Supply Depot  
  21  2:10  Marine, Stimpack  
  22  2:16  Barracks  
  22  2:32  SCV  
  22  2:33  Marine  
  24  2:40  Factory  
  24  2:43  Refinery  
  24  2:55  SCV  
  25  2:59  Marine  
  25  3:05  Barracks Reactor  
  26  3:07  SCV  
  26  3:10  Orbital Command  
  27  3:17  Marine  
  28  3:21  SCV  
  28  3:24  Supply Depot  
  28  3:25  Starport, Factory Reactor  
  29  3:35  SCV, Marine  
  29  3:37  SCV  
  32  3:42  Marine x2  
  32  3:47  SCV  
  35  3:49  SCV  
  35  3:52  Marine  
  35  3:55  Supply Depot  
  37  3:59  Marine  
  37  4:00  SCV  
  37  4:01  SCV  
  40  4:08  Factory Tech Lab  
  40  4:11  Combat Shields  
  40  4:12  SCV, Medivac  
  43  4:18  Supply Depot  
  43  4:31  Medivac  
  43  4:33  SCV x2  
  47  4:38  Supply Depot  
  47  4:39  Supply Depot  
  47  4:40  Supply Depot  
  47  4:49  Command Center  
  47  4:52  SCV x2  
  49  4:53  Marine x2, Supply Depot  
  49  4:55  Marine  
  49  4:56  Siege Tank  
  55  5:10  Medivac  
  55  5:11  Marine x2  
  55  5:12  SCV x2  
  55  5:13  Marine  
  62  5:24  SCV x2  
  64  5:29  Marine  
  65  5:36  SCV x2  
  65  5:37  Engineering Bay  
  65  5:39  Marine, Engineering Bay  
  65  5:42  Barracks  
  68  5:44  Barracks x2  
  68  5:47  Barracks, Supply Depot  
  66  6:01  Orbital Command, SCV x2  
  68  6:06  Refinery x2, Terran Infantry Armor Level 1, Terran Infantry Weapons Level 1  
  58  6:20  Marine x2  
  58  6:25  Concussive Shells  
  61  6:27  Marauder, Medivac  
  61  6:29  Barracks Reactor  
  61  6:31  Barracks Reactor  
  64  6:35  Marine  
  64  6:36  Marine  
  64  6:38  Orbital Command, Marine  
  67  6:47  SCV x2  
  67  6:49  Supply Depot  
  67  6:54  Barracks Tech Lab x2  
  69  6:55  Marine  
  69  6:56  Marauder, Marine, Medivac  
  74  7:13  Marine  
  74  7:14  Marine  
  76  7:17  Marauder  
  76  7:18  SCV x3  
  76  7:19  Marine x3  
  76  7:20  Marauder x2, Marine, Medivac  
  90  7:26  Medivac  
  84  7:30  SCV x2, Missile Turret  
  84  7:31  Marine  
  84  7:32  Marine  
  88  7:38  Marine x2  
  88  7:39  Marauder, Marine  
  88  7:41  Marauder x2  
  88  7:43  Marine  
  98  7:48  Armory  
  98  7:49  Missile Turret  
  98  7:52  Missile Turret  
  98  7:59  Unknown  
  98  8:00  Marauder, SCV x2  
  98  8:01  SCV, Sensor Tower  
  98  8:03  Marauder x2  
  98  8:05  Missile Turret  
  107  8:12  SCV  
  108  8:16  Marine  
  109  8:21  Command Center  
  109  8:42  Marine x3  
  109  8:43  Marauder  
  106  8:58  Unknown  
  104  9:17  Supply Depot x2  
  104  9:19  Supply Depot  
  100  9:32  Marine x2  
  100  9:33  Marauder x2, Siege Tank  
  100  9:34  Orbital Command  
  109  9:38  Marine x4  
  109  9:39  Marauder  
  109  9:41  Medivac  
  109  9:43  Medivac  
  119  9:50  Marine x2  
  121  9:52  Command Center  
  121  9:54  Marauder x2  
  125  10:00  Marauder  
  125  10:01  Marine x2  
  125  10:02  Marine  
  125  10:05  Siege Tank  
  133  10:10  Missile Turret  
  133  10:11  Refinery, Medivac  
  133  10:13  Refinery  
  133  10:16  Refinery  
  133  10:20  Missile Turret  
  133  10:22  Marauder  
  133  10:27  Marauder x2  
  131  10:35  Marine x3  
  130  10:36  Marine x2  
  133  10:44  Marine  
  132  10:57  Marauder  
  132  10:58  Marauder  
  132  11:01  Marauder  
  132  11:02  Marine x3  
  132  11:05  Marine  
  132  11:07  Marine  
  130  11:13  Orbital Command  
  130  11:16  Command Center  
  132  11:18  Marauder  
  132  11:20  Marauder  
  132  11:22  Marauder  
  132  11:25  Siege Tank  
  138  11:26  Medivac  
  138  11:32  Orbital Command  
  140  11:36  SCV x2  
  144  11:40  Marauder, SCV, Marine  
  144  11:41  Marauder  
  147  11:47  Marauder  
  147  11:48  SCV  
  103  12:01  Marauder  
  103  12:02  Marauder  
  103  12:04  Marine  
  103  12:05  Marine x2  
  107  12:09  Marauder  
  106  12:20  Marine  
  106  12:21  Marine  
  110  12:23  Marauder  
  110  12:24  Marauder  
  110  12:28  Sensor Tower  
  112  12:30  Marauder, Marine x3  
  117  12:37  Terran Infantry Weapons Level 2, Barracks  
  117  12:42  Marine  
  108  12:44  Orbital Command, Marauder  
  120  12:45  Marauder  
  98  12:51  Marauder  
  98  12:52  Marine x2  
  98  12:57  Marine  
  98  12:58  Marine  
  73  13:05  Marauder, Marine  
  73  13:08  Medivac x2, Siege Tank  
  73  13:09  Marine  
  73  13:12  Terran Infantry Armor Level 2  
  81  13:13  Marauder, Marine x2  
  81  13:14  Marauder  
  83  13:29  Marauder, Marine x2  
  86  13:35  Marauder  
  88  13:44  Marine  
  88  13:45  Marauder  
  91  13:51  Marauder, Marine  
  91  13:52  Marine  
  76  14:39  Marauder, Marine x4  
  76  14:40  Marauder x2, Marine x2  
  68  14:57  Marine x2  
  67  15:01  Marauder x3  
  62  15:12  Marine x2  
  62  15:13  Marine  
  57  15:17  Marine x2  
  57  15:21  Marine  
  58  15:22  Marauder x3  
  59  15:33  Marine  
  59  15:34  Marine  
  54  15:38  Marine  
  55  15:44  Marauder x3  
Tags
 
Add a new tag
Caveats
  • Supply blocks, unpowered buildings, or Contaminate may cause inaccurate times.
  • Supply counts are checked every 10 seconds.